Map: Lightshade LE

Players

Reynor

  • Race: Zerg Zerg

Vanya - Winner!

  • Race: Zerg Zerg

Event: DreamHack SC2 Masters 2021 Fall

VOD

Have the link to the VOD?

Description

Time

  • Played on: Aug. 10, 2021, 9:12 a.m.
  • Length: 6:25

All games in this series

Show
View Real Time Build Order
Export as new Build Order

Reynor Zerg 

Build Orders: Hatch First 

Get SALT Encoding   

  12  0:01  Drone  
  13  0:12  Overlord  
  13  0:16  Drone  
  14  0:31  Drone x2  
  16  0:47  Hatchery  
  15  0:51  Drone  
  15  0:55  Drone  
  17  0:59  Drone  
  18  1:09  Extractor  
  17  1:14  Spawning Pool  
  17  1:16  Drone  
  17  1:20  Drone  
  18  1:28  Drone  
  19  1:39  Drone  
  20  1:53  Drone  
  21  2:00  Queen x2, Overlord  
  25  2:01  Zergling x2  
  26  2:09  Metabolic Boost  
  26  2:10  Drone  
  26  2:12  Drone  
  28  2:21  Drone  
  28  2:22  Drone  
  30  2:38  Hatchery  
  30  2:40  Drone  
  30  2:41  Drone  
  30  2:43  Drone  
  32  2:46  Overlord  
  32  2:55  Drone x2  
  34  3:01  Baneling Nest  
  33  3:06  Drone  
  33  3:11  Zergling x10  
  39  3:13  Overlord  
  39  3:15  Drone  
  39  3:19  Evolution Chamber  
  39  3:20  Drone  
  39  3:22  Zergling x2  
  41  3:29  Drone  
  41  3:32  Drone  
  41  3:34  Queen  
  43  3:39  Drone x2  
  43  3:40  Drone  
  48  3:52  Zerg Ground Armor Level 1  
  48  3:53  Drone x3  
  48  3:55  Drone x2  
  52  3:56  Drone  
  53  4:04  Drone x2  
  53  4:06  Extractor  
  53  4:07  Extractor, Roach Warren  
  52  4:10  Drone x2  
  54  4:18  Drone  
  54  4:19  Drone x2  
  54  4:20  Overlord  
  57  4:24  Overlord  
  57  4:32  Overlord  
  57  4:39  Zergling x10  
  57  4:45  Overlord  
  62  4:48  Roach x5  
  72  4:54  Roach x2  
  72  4:57  Spine Crawler  
  72  4:58  Roach  
  77  5:00  Roach  
  77  5:03  Roach  
  77  5:07  Zergling x6  
  83  5:11  Roach  
  83  5:12  Overlord  
  84  5:17  Roach x2  
  84  5:19  Zergling x2  
  84  5:20  Zergling x2  
  83  5:24  Roach x2  
  77  5:29  Roach x2  
  77  5:34  Roach  
  69  5:36  Roach  
  69  5:39  Ravager  
  69  5:40  Roach  
  72  5:43  Zergling x4  
  72  5:47  Ravager  
  73  5:53  Zergling x4, Roach  
  73  5:56  Zergling x2  
  78  5:57  Spine Crawler  
  78  6:02  Zergling x4  
  73  6:06  Zergling x2  
Show
View Real Time Build Order
Export as new Build Order

Vanya Zerg - Winner!

Build Orders: Hatch First 

Get SALT Encoding   

  12  0:00  Drone  
  13  0:12  Overlord  
  13  0:17  Drone  
  14  0:30  Drone x2  
  16  0:47  Hatchery  
  15  0:51  Drone  
  15  0:54  Drone  
  17  0:58  Drone  
  18  1:08  Extractor  
  17  1:13  Spawning Pool  
  17  1:15  Drone  
  17  1:19  Drone  
  18  1:28  Drone  
  19  1:38  Drone  
  20  1:49  Drone  
  21  1:59  Queen x2  
  21  2:00  Zergling x2  
  21  2:01  Overlord  
  26  2:10  Drone  
  26  2:11  Drone  
  28  2:21  Drone x2  
  30  2:32  Drone, Overlord  
  30  2:36  Queen  
  33  2:41  Lair  
  33  2:43  Drone  
  34  2:45  Drone  
  35  2:54  Drone x2  
  35  2:56  Evolution Chamber  
  35  3:00  Roach Warren  
  35  3:03  Drone  
  35  3:08  Drone  
  35  3:11  Drone x5  
  35  3:12  Extractor  
  40  3:14  Extractor  
  40  3:15  Drone  
  40  3:20  Overlord  
  40  3:24  Zerg Missile Weapons Level 1  
  40  3:28  Overlord  
  40  3:43  Evolution Chamber  
  40  3:44  Roach  
  40  3:45  Roach x3  
  40  3:48  Glial Reconstitution  
  49  3:55  Roach x2  
  49  4:00  Overlord  
  49  4:01  Roach  
  53  4:07  Roach x3  
  60  4:12  Overlord  
  60  4:17  Overlord  
  60  4:23  Roach x2  
  64  4:24  Roach  
  64  4:28  Roach  
  68  4:31  Overlord  
  68  4:37  Roach  
  68  4:38  Roach  
  72  4:43  Roach x2  
  76  4:50  Roach x2  
  76  4:51  Roach  
  82  4:54  Roach  
  88  5:00  Roach x2  
  88  5:06  Roach  
  86  5:08  Queen  
  88  5:15  Roach x2  
  90  5:23  Roach x2  
  90  5:27  Ravager  
  89  5:34  Roach  
  83  5:38  Roach  
  83  5:40  Queen  
  89  5:42  Roach  
  89  5:44  Roach  
  91  5:55  Overlord  
  91  6:05  Hatchery  

Tags
 
Add a new tag
Caveats
  • Supply blocks, unpowered buildings, or Contaminate may cause inaccurate times.
  • Supply counts are checked every 10 seconds.